 Dungeon Crawl Stone Soup version 0.28.0-53-g5a82cb258f (webtiles) character file.

Game seed: 6908263631325101291

4 Zeld the Gusty (level 1, -1/10 HPs)
             Began as a Tengu Air Elementalist on June 7, 2022.
             Slain by a gnoll
             ... wielding a +0 spear
              (8 damage)
             ... on level 2 of the Dungeon.
             The game lasted 00:00:37 (333 turns).

Zeld the Gusty (Tengu Air Elementalist)              Turns: 333, Time: 00:00:37

Health: -1/10      AC:  2    Str:  8    XL:     1   Next: 60%
Magic:  0/4        EV: 12    Int: 15    God:
Gold:   0          SH:  0    Dex: 14    Spells: 3/4 levels left

rFire   . . .      SeeInvis .   (no weapon)
rCold   . . .      Faith    .   (no shield)
rNeg    . . .      Spirit   .   a - +0 robe
rPois   .          Reflect  .   (helmet restricted)
rElec   .          Harm     .   (no cloak)
rCorr   .          Rampage  .   (no gloves)
Will    .....                   (boots unavailable)
Stlth   ++........              (no amulet)
HPRegen 0.03/turn               (no ring)
MPRegen 0.09/turn               (no ring)

@: no status effects
A: beak, talons 3
a: no special abilities


You were on level 2 of the Dungeon.
You visited 1 branch of the dungeon, and saw 2 of its levels.

You collected 28 gold pieces.
You spent 28 gold pieces at shops.

Inventory:

Armour
 a - a +0 robe (worn)
Scrolls
 b - 4 scrolls of identify


   Skills:
 - Level 2.1 Dodging
 - Level 2.0 Stealth
 * Level 2.1 Spellcasting
 + Level 1.5 Conjurations
 * Level 4.1 Air Magic


You had 3 spell levels left.
You knew the following spells:

 Your Spells              Type           Power      Damage    Failure   Level
a - Shock                 Conj/Air       40%        1d5       7%          1

Your spell library contained the following spells:

 Spells                   Type           Power      Damage    Failure   Level
 Static Discharge         Conj/Air       10%        N/A       11%         2
 Swiftness                Air            14%        N/A       12%         3
 Airstrike                Air            7%         N/A       36%         4


Dungeon Overview and Level Annotations

Branches:
Dungeon (2/15)

Altars:

Shops:
D:1 *


Innate Abilities, Weirdness & Mutations

You have a beak for a mouth.
You have claws for feet.


Message History

The zap hits the bat.
You kill the bat!
You can't see any susceptible monsters within range! (Use Z to cast anyway.)
Found Plog's General Store.
Why would you want to do that? Why would you want to do that?
Why would you want to do that? Why would you want to do that?
There is an entrance to Plog's General Store here.
b - 4 scrolls of identify (gained 1) Thank you for shopping at Plog's General Store!
You can access your shopping list by pressing '$'.
Press: ? - help, v - describe, . - travel Plog's General Store.
You can access your shopping list by pressing '$'.
Things that are here:
a +0 dagger; a kobold corpse
There is a stone staircase leading down here.
You climb downwards.
The gnoll shouts! x2
Found 14 gold pieces and a spear.
Found a faded altar of an unknown god.
There is a stone staircase leading up here.
There are monsters nearby!
There are monsters nearby!
The zap hits the kobold but does no damage.
The kobold shouts!
You hear a bark!
You hear a shout!
A jackal comes into view.
The kobold throws a stone.
The stone hits you but does no damage.
A gnoll comes into view. It is wielding a +0 club.
The zap hits the kobold but does no damage.
The gnoll shouts!
A gnoll comes into view. It is wielding a +0 flail.
The zap hits the kobold.
The kobold is moderately wounded.
The zap hits the kobold.
The kobold is severely wounded.
The kobold hits you with a +0 dagger.
The gnoll hits you from afar with a +0 spear!
Ouch! That really hurt!
You die...

.......# .
......# #.
#.....# . #..
#.....####.
#...#........_#
#.....h.....##
#............#
#.$...@K......
...............
.....g........#
.....g........#
...g......#####
....g##.#.#
..... .....
..... ......


You could see 4 gnolls, a jackal and a kobold.

Vanquished Creatures
  A goblin (D:1)
  A hobgoblin (D:1)
  A bat (D:1)
  A kobold (D:1)
4 creatures vanquished.

Notes
Turn   | Place    | Note
-------+----------+-------------------------------------------
     0 | D:1      | Zeld the Tengu Air Elementalist began the quest for the
                  | Orb.
     0 | D:1      | Reached XP level 1. HP: 10/10 MP: 4/4
   259 | D:1      | Found Plog's General Store.
   268 | D:1      | Bought a scroll of identify for 28 gold pieces
   328 | D:2      | Found a faded altar of an unknown god.
   333 | D:2      | Slain by a gnoll

Illustrated notes

Levels and vault maps discovered:
D:1:      dpeg_arrival_orchard, layout_rooms, serial_shops,
          nicolae_lakefront_shop, serial_bayou_pond_d,
          minmay_misc_feat_nine_boxes, corexii_leaking_fountain
D:2:      layout_rooms, ebering_ecumenical_altar_rust,
          kennysheep_generic_room_16

Action                   || total
-------------------------++-------
Melee: Unarmed           ||     4
       Kick              ||     1
 Cast: Shock             ||    11
Armor: Robe              ||     1
Dodge: Dodged            ||     4
